 Dungeon Crawl Stone Soup version 0.27.1 (webtiles) character file.

Game seed: 3214331974147008155

397 bnorton916 the Conjurer (level 6, 0/32 HPs)
             Began as a Deep Elf Conjurer on Aug 26, 2021.
             Slain by Pikel (1 damage)
             ... on level 3 of the Dungeon.
             The game lasted 00:05:18 (5075 turns).

bnorton916 the Conjurer (Deep Elf Conjurer)         Turns: 5075, Time: 00:05:19

Health: 0/32       AC:  3    Str:  5    XL:     6   Next: 53%
Magic:  13/16      EV: 12    Int: 30    God:
Gold:   139        SH:  0    Dex: 13    Spells: 5/16 levels left

rFire    + . .     SeeInvis .   (no weapon)
rCold    . . .     Faith    .   (no shield)
rNeg     . . .     Spirit   .   a - +0 robe
rPois    .         Reflect  .   (no helmet)
rElec    .         Harm     .   (no cloak)
rCorr    .         Rampage  .   h - +0 pair of gloves
Will     .....                  (no boots)
Stlth    ++........             (no amulet)
HPRegen  0.10/turn              n - +6 ring of intelligence
MPRegen  0.15/turn              o - ring of protection from fire

@: no status effects
A: no striking features
a: no special abilities


You were on level 3 of the Dungeon.
You visited 1 branch of the dungeon, and saw 4 of its levels.

You collected 139 gold pieces.

Inventory:

Hand Weapons
 c - a +1 dagger of speed
Missiles
 d - 5 silver boomerangs
 f - 161 stones
Armour
 a - a +0 robe (worn)
 h - a +0 pair of gloves (worn)
Jewellery
 n - a +6 ring of intelligence (left hand)
 o - a ring of protection from fire (right hand)
Scrolls
 e - a scroll of magic mapping {unknown}
 j - a scroll of teleportation {unknown}
 k - 3 scrolls of identify {unknown}
 l - a scroll of brand weapon {unknown}
 m - a scroll of vulnerability {unknown}
Potions
 b - 2 potions of lignification {unknown}
 g - 2 potions of curing {unknown}
 i - a potion of flight {unknown}


   Skills:
 - Level 2.4 Dodging
 - Level 2.4 Stealth
 - Level 5.9 Spellcasting
 - Level 6.1 Conjurations
 + Level 3.2 Hexes
 + Level 2.6 Translocations


You had 5 spell levels left.
You knew the following spells:

 Your Spells              Type           Power      Damage    Failure   Level
a - Magic Dart            Conj           100%       1d8       1%          1
b - Searing Ray           Conj           92%        3d6       1%          2
c - Fulminant Prism       Conj/Hex       18%        3d11      8%          4
d - Iskenderun's Mystic   Conj/Tloc      35%        2d8       9%          4

Your spell library contained the following spells:

 Spells                   Type           Power      Damage    Failure   Level
 Dazzling Flash           Conj/Hex       74%        N/A       2%          3
 Tukima's Dance           Hex            28%        N/A       4%          3
 Ozocubu's Armour         Ice            8%         N/A       16%         3
 Passage of Golubria      Tloc           N/A        N/A       19%         4
 Yara's Violent Unravell  Hex/Tmut       9%         3d6       58%         5
 Ozocubu's Refrigeration  Ice            4%         4d5       100%        7


Dungeon Overview and Level Annotations

Branches:
Dungeon (4/15)
 Temple: D:4-7

Altars:
Hepliaklqana
Okawaru

Annotations:
D:3 Pikel


Message History

That felt strangely unrewarding.
Unknown command.
You start resting.
Magic restored.
You start resting.
You start resting.
HP restored.
You climb downwards.
Level annotation: Pikel Pikel barely misses you.
Pikel hits you with a +2 whip of freezing.
Pikel freezes you.
There is a stone staircase leading up, spattered with blood here.
Unknown command.
Casting: Searing Ray (safe; 1% risk of failure)
Confirm with . or Enter, or press ? or * to list all spells.
Aiming: Searing Ray (safe; 1% risk of failure)
Press: ? - help, Shift-Dir - straight line, f - Pikel
Aim: Pikel, wielding a +2 whip of freezing and wearing a +1 robe (77% to hit)
Okay, then.
Unknown command.
The lemure shouts!
Pikel closely misses you.
You climb upwards.
There is a stone staircase leading down, spattered with blood here.
Casting: Searing Ray (safe; 1% risk of failure)
Confirm with . or Enter, or press ? or * to list all spells.
Aiming: Searing Ray (safe; 1% risk of failure)
Press: ? - help, Shift-Dir - straight line, f - Pikel
Aim: Pikel, wielding a +2 whip of freezing and wearing a +1 robe (77% to hit)
The searing ray misses Pikel. (Press . to maintain the ray.) Pikel hits you with a +2 whip of freezing!
Pikel freezes you.
The searing ray hits Pikel!
Pikel is moderately wounded.
Pikel hits you with a +2 whip of freezing!
* * * LOW HITPOINT WARNING * * *
Pikel freezes you.
You die...

..#.###
####.#####.##.....##..#
....#
#...>...#.##..........
...##
#.......#..#..........
..##
#.^.....##..###.......
.##
#.......###..###....## .#
#.......# ##.##..##..#
############.......#
#....####.#
#..............K...#
##..##....[.
.>##########....@..#
#...##...... .###
#.......###..###..(...
...#
#.)......).......#..##
##.#
#######..#####.....## #.#
####)####...#.### #.#
#######.........###...###
##.######.......#..######
##.....
..........#######.##
#..)..
###.......##......#
#.....


You could see Pikel.

Vanquished Creatures
  A sky beast (D:3)
  An ogre (D:4)
  2 lemures
  A hound (D:4)
  2 orc wizards (D:4)
  A hound skeleton (D:2)
  4 adders
  2 worms
  2 dart slugs (D:1)
  3 orcs
  5 endoplasms
  6 giant cockroaches
  7 goblins
  13 hobgoblins
  4 jackals (D:1)
  5 kobolds
  A quokka (D:3)
  10 ball pythons
  5 bats
  3 frilled lizards
  9 rats
87 creatures vanquished.

Notes
Turn   | Place    | Note
-------+----------+-------------------------------------------
     0 | D:1      | bnorton916 the Deep Elf Conjurer began the quest for the
                  | Orb.
     0 | D:1      | Reached XP level 1. HP: 10/10 MP: 6/6
   278 | D:1      | Reached XP level 2. HP: 15/15 MP: 5/8
   281 | D:1      | Learned a level 2 spell: Searing Ray
   940 | D:1      | Reached skill level 5 in Conjurations
   940 | D:1      | Reached XP level 3. HP: 19/19 MP: 6/10
  2035 | D:2      | Reached XP level 4. HP: 24/24 MP: 8/12
  2139 | D:2      | Learned a level 4 spell: Fulminant Prism
  2144 | D:2      | Learned a level 4 spell: Iskenderun's Mystic Blast
  2463 | D:2      | Reached skill level 5 in Spellcasting
  3670 | D:3      | Noticed a sky beast
  3677 | D:3      | Killed a sky beast
  3678 | D:3      | Reached skill level 6 in Conjurations
  3678 | D:3      | Reached XP level 5. HP: 28/28 MP: 6/15
  3850 | D:3      | Found a faded altar of an unknown god.
  3947 | D:3      | Found a hazy altar of Hepliaklqana.
  3950 | D:3      | Found an iron altar of Okawaru.
  4087 | D:3      | Reached skill level 1 in Hexes
  4220 | D:4      | Reached skill level 1 in Translocations
  4223 | D:4      | Reached XP level 6. HP: 32/32 MP: 7/16
  4821 | D:4      | Noticed Pikel
  5075 | D:3      | HP: 1/32 [Pikel (10)]
  5075 | D:3      | Slain by Pikel

Illustrated notes

Levels and vault maps discovered:
D:1:      dpeg_arrival_ratfight, layout_basic, chequers_arboretum
D:2:      layout_basic, uniq_robin
D:3:      layout_rooms, grunt_temple_overflow_open,
          ebering_ecumenical_altar_rust, minmay_misc_feat_cross
D:4:      layout_rooms, minmay_temple_entry_statues, minivault_4,
          corexii_corridor_pit, uniq_pikel

Skill      XL: |  1  2  3  4  5  6 |
---------------+-------------------+-----
Spellcasting   | 4 5 |  5.9
Conjurations   | 5 6 |  6.1
Hexes          | 2 3 |  3.2
Translocations | 1 2 |  2.6
Dodging        | |  2.4
Stealth        | |  2.4

Action                   |  1- 3 |  4- 6 || total
-------------------------+-------+-------++-------
 Cast: Magic Dart        |    74 |    68 ||   142
       Searing Ray       |     3 |    13 ||    16
       Iskenderun's Myst |       |     1 ||     1
Armor: Robe              |     3 |       ||     3
Dodge: Dodged            |     4 |    15 ||    19
